 Dungeon Crawl Stone Soup version 0.21.1-1-g345015f (webtiles) character file.

75 Kairos the Shield-Bearer (level 4, -4/35 HPs)
             Began as a Human Fighter on Apr 2, 2018.
             Slain by a two-headed ogre
             ... wielding a +0 great mace
              (24 damage)
             ... on level 3 of the Dungeon.
             The game lasted 00:01:48 (1155 turns).

Kairos the Shield-Bearer (Human Fighter)            Turns: 1155, Time: 00:01:49

Health: -4/35      AC:  6    Str: 17    XL:     4   Next: 55%
Magic:  4/4        EV:  7    Int:  8    God:
Gold:   91         SH:  9    Dex: 13    Spells: 3/3 levels left

rFire    . . .     SeeInvis .   e - +2 mace (crush)
rCold    . . .     Gourm    .   c - +0 shield
rNeg     . . .     Faith    .   b - +0 scale mail
rPois    +         Spirit   .   (no helmet)
rElec    .         Reflect  .   (no cloak)
rCorr    .         Harm     .   (no gloves)
MR       .....                  (no boots)
Stlth    ..........             i - amulet of regeneration
HPRegen  0.51/turn              o - ring of poison resistance
MPRegen  0.09/turn              (no ring)

@: no status effects
A: no striking features
a: no special abilities


You were on level 3 of the Dungeon.
You were very hungry.

You visited 1 branch of the dungeon, and saw 3 of its levels.

You collected 91 gold pieces.

Inventory:

Hand Weapons
 a - a +0 war axe
 e - a +2 mace of crushing (weapon)
Armour
 b - a +0 scale mail (worn)
 c - a +0 shield (worn)
Jewellery
 i - an amulet of regeneration (around neck)
 o - a ring of poison resistance (left hand)
Scrolls
 g - 5 scrolls of identify {unknown}
 j - a scroll of teleportation {unknown}
 m - a scroll of fear {unknown}
 q - a scroll of enchant armour {unknown}
Potions
 d - a potion of might
 h - a potion of heal wounds {unknown}
 k - a potion of agility {unknown}
 l - a potion of curing {unknown}
 n - 2 potions of invisibility {unknown}
 p - a potion of degeneration {unknown}
Comestibles
 f - 3 rations


   Skills:
 + Level 3.4 Fighting
 + Level 2.2(2.5) Axes
 + Level 1.4(2.1) Maces & Flails
 + Level 3.3 Armour
 + Level 0.4 Dodging
 + Level 3.7 Shields


You had 3 spell levels left.
You didn't know any spells.

Dungeon Overview and Level Annotations

Branches:
Dungeon (3/15)

Altars:
Cheibriados
Dithmenos
Nemelex Xobeh
Ru
Uskayaw
Wu Jian


Message History

The dart slug launches a dart at you. You block the slug dart.
A kobold comes into view.
The kobold shouts!
The kobold throws a stone.
You block the stone.
You see here a stone.
The dart slug bites you.
You sock the dart slug!
You kill the dart slug!
A kobold and a two-headed ogre come into view.
The two-headed ogre shouts in stereo!
Your shield and scale mail prevent you from hitting the kobold.
You block the kobold's attack. The kobold hits you but does no damage.
You closely miss the kobold. The kobold barely misses you.
You hit the kobold.
You kill the kobold!
The two-headed ogre hits you with a great mace!
The two-headed ogre hits you with a giant club!!
Ouch! That really hurt!
You die...

#........##... #...
..##.#.#####.. .#.
#......###. ...
#.....###..... ..
#####. #...### #K
#..#.#.# ##.####
#..#.#.# . #..O..###
#..#>#.#
....##.@....###....#.#
#..................#
######(............###
###.###..........
#.............#
######..#..........#
#.........####......
...##.....## #.#...#
#......####.#...#


You could see a two-headed ogre and a kobold.

Vanquished Creatures
  An adder (D:2)
  3 worms
  4 dart slugs
  2 leopard geckos
  4 giant cockroaches
  7 goblins
  2 hobgoblins
  4 jackals (D:1)
  6 kobolds
  A quokka (D:2)
  A ball python (D:2)
  4 bats
  4 frilled lizards
  5 rats
48 creatures vanquished.

Notes
Turn   | Place    | Note
-------+----------+-------------------------------------------
     0 | D:1      | Kairos the Human Fighter began the quest for the Orb.
     0 | D:1      | Reached XP level 1. HP: 18/18 MP: 1/1
    38 | D:1      | Reached XP level 2. HP: 18/24 MP: 2/2
   172 | D:1      | Reached XP level 3. HP: 27/29 MP: 3/3
   423 | D:2      | Found an ornate altar of the Wu Jian Council.
   428 | D:2      | Found a sacrificial altar of Ru.
   521 | D:2      | Reached skill level 1 in Maces & Flails
   556 | D:2      | Reached XP level 4. HP: 35/35 MP: 4/4
   807 | D:2      | Found a snail-covered altar of Cheibriados.
   808 | D:2      | Found a shadowy altar of Dithmenos.
   809 | D:2      | Found a hide-covered altar of Uskayaw.
   809 | D:2      | Found a sparkling altar of Nemelex Xobeh.
  1152 | D:3      | Noticed a two-headed ogre
  1155 | D:3      | Slain by a two-headed ogre

Skill      XL: |  1  2  3 |
---------------+----------+-----
Maces & Flails | 1 |  1.4
Fighting       | |  3.4
Axes           | |  2.2
Armour         | |  3.3
Dodging        | |  0.4
Shields        | |  3.7

Action                   |  1- 3 |  4- 6 || total
-------------------------+-------+-------++-------
Melee: War axe           |    23 |       ||    23
       Mace              |    59 |    60 ||   119
Armor: Scale mail        |    47 |    20 ||    67
Dodge: Dodged            |    40 |    18 ||    58
Block: Shield            |    47 |    17 ||    64
